 Dungeon Crawl Stone Soup version 0.17-a0-2122-g03d97ec (webtiles) character file.

93 matakusis the Ducker (level 4, -3/34 HPs)
             Began as a Demonspawn Gladiator on Oct 21, 2015.
             Killed from afar by an orc wizard (11 damage)
             ... with a puff of frost
             ... on level 3 of the Dungeon.
             The game lasted 00:07:01 (1250 turns).

matakusis the Ducker (Demonspawn Gladiator)         Turns: 1250, Time: 00:07:06

Health: -3/34      AC:  5    Str: 16    XL:     4   Next: 36%
Magic:  4/4        EV: 13    Int:  9    God:
Gold:   62         SH:  0    Dex: 14    Spells: 0 memorised, 3 levels left

rFire  . . .     SeeInvis .     a - +0 war axe
rCold  . . .     Clarity  .     b - +0 leather armour
rNeg   . . .     SustAt   .     (no shield)
rPois  .         Gourm    .     s - +1 hat
rElec  .         Spirit   .     p - +0 cloak
rCorr  .         Warding  .     (no gloves)
rMut   .         Stasis   .     (no boots)
MR     .....                    (no amulet)
Stlth  +.........               (no ring)
                                (no ring)

@: not resistant to hostile enchantments, very unstealthy
A: horns 1, powered by death 1
a: no special abilities


You were on level 3 of the Dungeon.
You were not hungry.

You visited 1 branch of the dungeon, and saw 3 of its levels.

You collected 62 gold pieces.

Inventory:

Hand Weapons
 a - a +0 war axe (weapon)
Missiles
 d - 3 throwing nets (quivered)
Armour
 b - a +0 leather armour (worn)
 p - a +0 cloak (worn)
 s - a +1 hat (worn)
Jewellery
 k - an uncursed ring of ice
Scrolls
 c - a scroll of remove curse
Potions
 g - a potion of haste
 h - a potion of resistance
 i - a potion of agility {unknown}
 n - a potion of heal wounds
 q - a potion of curing
Comestibles
 e - a bread ration
 j - a beef jerky
 o - 3 fruits
 r - a meat ration


   Skills:
 + Level 2.6 Fighting
 + Level 3.1 Axes
 + Level 1.9 Throwing
 + Level 0.3 Armour
 * Level 4.0 Dodging


You had 3 spell levels left.
You didn't know any spells.

Dungeon Overview and Level Annotations

Branches:
Dungeon (3/15)

Altars:

Annotations:
D:3 DarkxAkira's ghost, amateur DrAK


Innate Abilities, Weirdness & Mutations

You have a pair of small horns on your head.
You regenerate a little health from kills.


Message History

Something barely misses you.
You closely miss something. Your headbutt misses something.
You hit DarkxAkira's ghost.
DarkxAkira's ghost is lightly damaged.
Something hits you. DarkxAkira's ghost hits you!
* * * LOW HITPOINT WARNING * * *
Something hits you but does no damage. DarkxAkira's ghost barely misses you.
You hit something. You barely miss DarkxAkira's ghost.
DarkxAkira's ghost is lightly damaged.
Something hits you but does no damage. DarkxAkira's ghost hits you.
* * * LOW HITPOINT WARNING * * *
Something hits you but does no damage.
You miss something. You headbutt something. You slash DarkxAkira's ghost!
DarkxAkira's ghost is moderately damaged.
Something hits you but does no damage. DarkxAkira's ghost hits you.
* * * LOW HITPOINT WARNING * * *
You hear some strange, mumbled words.
A puff of frost appears from out of thin air!
The puff of frost hits you!
You die...

#.. #.# #.# .o.
#o# #o# #{#
##@#####.#
#..W.....#
.######..#######
.........#
###.##.## #. #.# #
#.##.## ..
#.#...##
#..#......########


You could see DarkxAkira's ghost and 3 orcs.

Vanquished Creatures
  5 adders
  A gnoll (D:1)
  2 worms (D:2)
  A giant gecko (D:1)
  An orc (D:3)
  A ball python (D:2)
  5 bats
  4 hobgoblins
  2 giant cockroaches (D:1)
  5 giant newts
  6 goblins
  2 quokkas
  4 rats
39 creatures vanquished.

Notes
Turn   | Place    | Note
--------------------------------------------------------------
     0 | D:1      | matakusis the Demonspawn Gladiator began the quest for the Orb.
     0 | D:1      | Reached XP level 1. HP: 16/16 MP: 1/1
    78 | D:1      | Reached skill level 3 in Dodging
    87 | D:1      | Gained mutation: You have a pair of small horns on your head. [demonic ancestry]
    87 | D:1      | Reached XP level 2. HP: 16/22 MP: 2/2
   532 | D:2      | Gained mutation: You regenerate a little health from kills. [demonic ancestry]
   532 | D:2      | Reached XP level 3. HP: 27/27 MP: 3/3
  1018 | D:3      | Reached XP level 4. HP: 21/34 MP: 4/4
  1064 | D:3      | Reached skill level 4 in Dodging
  1245 | D:3      | Noticed DarkxAkira's ghost (amateur DrAK)
  1250 | D:3      | Killed from afar by an orc wizard

Vault maps used:
D:1:      eino_arrival_tree_alley, minmay_cupped
D:3:      old_standard_altar, uniq_jessica

Action                   |  1- 3 |  4- 6 || total
-------------------------+-------+-------++-------
Melee: War axe           |    94 |    41 ||   135
  Use: Scroll            |     9 |       ||     9
 Stab: Sleeping          |     1 |       ||     1
  Eat: Chunk             |     1 |       ||     1
